 Dungeon Crawl Stone Soup version 0.26-a0-639-g72c4674329 (webtiles) character file.

Game seed: 9777420202090555811

95442 kotkompot the Martial Artist (level 16, -9/132 HPs)
             Began as an Octopode Delver on Sept 17, 2020.
             Was a Plaything of Xom.
             Killed from afar by Roxanne (67 damage)
             ... with a crystal spear
             ... on level 15 of the Dungeon.
             The game lasted 00:49:20 (36467 turns).

kotkompot the Martial Artist (Octopode Delver)     Turns: 36467, Time: 00:49:22

Health: -9/132     AC:  8    Str:  9 (12) XL:     16   Next: 14%
Magic:  48/48      EV: 28    Int: 33      God:    Xom [......]
Gold:   1713       SH: 21    Dex: 27      Spells: 10/30 levels left

rFire    + + +     SeeInvis +     - Unarmed
rCold    + . .     Faith    .   O - +3 kite shield "Wibryepp" {rElec MR+}
rNeg     + + +     Spirit   .   t - +3 hat of the Bull {SInv}
rPois    +         Reflect  +   x - amulet of reflection
rElec    +         Harm     .   q - +4 ring of evasion
rCorr    .         Rampage  .   r - ring of Rekkajok {Wiz rF+ MR+ Int+2 Stlth+}
MR       +++++     Clarity  +   I - ring of Salvation {rPois rF+ rN++ MP+9 SInv}
Stlth    ++++++....             Q - +6 ring of intelligence
HPRegen  0.32/turn              E - ring of protection from magic
MPRegen  0.31/turn              F - +6 ring of dexterity
                                V - ring "Zaqumaun" {rC- MP+9 Int+4 Dex+6}
                                Y - ring of the Locust {+Inv rN++ MR+}

@: no status effects
A: almost no armour, stealthy swim, amphibious, 8 rings, constrict 8, tentacle
spike 1, icy blue scales 1, iridescent scales 1, camouflage 1, blink, clarity,
clever 2, cold resistance 2, deterioration 1, fire resistance 1, high mp 1,
poison resistance, robust 2, gelatinous body 1
a: Blink, Renounce Religion, Evoke Invisibility


You were on level 15 of the Dungeon.
You worshipped Xom.
You were a very special plaything of Xom.
You visited 3 branches of the dungeon, and saw 22 of its levels.
You visited 1 bazaar.
You also visited: Bailey and Volcano.

You collected 3068 gold pieces.
You spent 1355 gold pieces at shops.

Inventory:

Armour
 t - the +3 hat of the Bull (worn) {SInv}
   (Xom gifted it to you on level 2 of the Lair of Beasts)

   It lets you see invisible.
 N - a +1 buckler of fire resistance
 O - the +3 kite shield "Wibryepp" (worn) {rElec MR+}
   (You acquired it in a bailey)

   It insulates you from electricity.
   It affects your resistance to hostile enchantments.
Magical Staves
 s - an uncursed staff of fire
 z - an uncursed staff of air
 A - an uncursed staff of cold
Jewellery
 q - a +4 ring of evasion (left tentacle)
 r - the ring of Rekkajok (right tentacle) {Wiz rF+ MR+ Int+2 Stlth+}
   (You found it on level 1 of the Lair of Beasts)

   [ring of wizardry]

   It improves your spell success rate.
   It affects your intelligence (+2).
   It protects you from fire.
   It affects your resistance to hostile enchantments.
   It makes you more stealthy.
 x - an amulet of reflection (around mantle)
 E - a ring of protection from magic (on tentacle)
 F - a +6 ring of dexterity (on tentacle)
 I - the ring of Salvation (on tentacle) {rPois rF+ rN++ MP+9 SInv}
   (You acquired it on level 14 of the Dungeon)

   [ring of magical power]

   It protects you from fire.
   It protects you from poison.
   It greatly protects you from negative energy.
   It affects your magic capacity (+9).
   It lets you see invisible.
 Q - a +6 ring of intelligence (on tentacle)
 V - the ring "Zaqumaun" (on tentacle) {rC- MP+9 Int+4 Dex+6}
   (You found it on level 5 of the Lair of Beasts)

   [ring of magical power]

   It affects your intelligence (+4).
   It affects your dexterity (+6).
   It makes you vulnerable to cold.
   It affects your magic capacity (+9).
 W - an uncursed ring of fire
 Y - the ring of the Locust (on tentacle) {+Inv rN++ MR+}
   (You took it off an entropy weaver on level 6 of the Lair of Beasts)

   [ring of protection from magic]

   It greatly protects you from negative energy.
   It affects your resistance to hostile enchantments.
   It lets you turn invisible.
Wands
 e - a wand of digging (6)
 h - a wand of enslavement (5)
 k - a wand of disintegration (2)
 w - a wand of polymorph (27)
 C - a wand of flame (34)
 J - a wand of acid (12)
Scrolls
 a - 4 scrolls of fog
 b - 2 scrolls of magic mapping
 c - a scroll of fear
 g - 11 scrolls of teleportation {@r3}
 i - 13 scrolls of remove curse {@r2}
 o - 2 scrolls of noise {unknown}
 u - 3 scrolls of amnesia
 y - 6 scrolls of blinking
 D - 3 scrolls of immolation
 G - 2 scrolls of holy word
 P - 5 scrolls of enchant armour
Potions
 d - 7 potions of haste
 f - 2 potions of stabbing
 j - 6 potions of curing {@q1}
 l - 3 potions of lignification
 m - 8 potions of mutation
 n - 5 potions of cancellation
 p - 6 potions of might
 v - 2 potions of heal wounds
 B - a potion of berserk rage
 H - a potion of flight
 L - 3 potions of resistance
 R - 3 potions of ambrosia
 S - 3 potions of magic
Miscellaneous
 K - a condenser vane (2/2)
 X - a phial of floods


   Skills:
 + Level 10.5 Fighting
 - Level 11.0 Dodging
 - Level 6.6 Stealth
 - Level 12.0 Shields
 - Level 12.0 Unarmed Combat
 + Level 7.8 Spellcasting
 - Level 3.0 Translocations
 * Level 9.7 Transmutations
 * Level 9.7 Earth Magic
 - Level 8.7 Evocations


You had 10 spell levels left.
You knew the following spells:

 Your Spells              Type           Power        Failure   Level
a - Apportation           Tloc           ####..       1%          1
b - Passwall              Tmut/Erth      ######..     1%          2
c - Blade Hands           Tmut           ######....   1%          5
d - Dragon Form           Tmut           ######....   32%         7
e - Lee's Rapid Deconstr  Erth           ######....   1%          5

Your spell library contained the following spells:

 Spells                   Type           Power        Failure   Level
 Beastly Appendage        Tmut           ######       1%          1
 Sandblast                Erth           ######       1%          1
 Sting                    Tmut/Pois      ####         1%          1
 Wereblood                Tmut           ######..     1%          2
 Ignite Poison            Fire/Tmut/Pois ####....     1%          3
 Lesser Beckoning         Tloc           ####......   1%          3
 Spider Form              Tmut/Pois      #####.....   1%          3
 Stone Arrow              Conj/Erth      #####.       1%          3
 Petrify                  Tmut/Erth      ######..     1%          4
 Animate Skeleton         Necr           ##....       2%          1
 Corona                   Hex            ##.....      2%          1
 Summon Small Mammal      Summ           ##..         2%          1
 Ice Form                 Ice/Tmut       #####...     2%          4
 Leda's Liquefaction      Hex/Erth       #####.....   2%          4
 Slow                     Hex            ##......     3%          2
 Swiftness                Air            ##......     3%          2
 Portal Projectile        Hex/Tloc       ###...       3%          3
 Inner Flame              Hex/Fire       ##......     6%          3
 Tukima's Dance           Hex            ##......     6%          3
 Passage of Golubria      Tloc           N/A          6%          4
 Alistair's Intoxication  Tmut/Pois      #####....    8%          5
 Bolt of Magma            Conj/Fire/Erth ####......   16%         5
 Cause Fear               Hex            ##........   21%         4
 Iron Shot                Conj/Erth      #####.....   38%         6
 Iskenderun's Battlesphe  Conj           ##......     47%         5
 Invisibility             Hex            ##......     95%         6
 Orb of Destruction       Conj           ##........   100%        7
 Spellforged Servitor     Conj/Summ      ##........   100%        7


Dungeon Overview and Level Annotations

Branches:
Dungeon (15/15)            Temple (1/1) D:5            Lair (6/6) D:11
  Swamp (0/4) Lair:3       Spider (0/4) Lair:4        Slime (0/5) Lair:6
    Orc (0/2) D:11         Vaults (0/5) D:13         Depths (0/5) D:15
 Bailey (visited)         Volcano (visited)

Altars:
Ashenzari
Cheibriados
Elyvilon
Gozag
Hepliaklqana
Kikubaaqudgha
Makhleb
Qazlal
Ru
Trog
Uskayaw
Vehumet
Wu Jian
Xom
The Shining One
Beogh
Jiyva

Shops:
D:4 [   D:6 (?(:   D:11 !*

Annotations:
D:6 1 runed translucent door
D:11 3 runed translucent doors
D:12 Snorg
D:15 Roxanne
Lair:1 exclusion: 2 oklob plants


Innate Abilities, Weirdness & Mutations

You cannot wear most types of armour.
You are very stealthy in the water. (Stealth+)
You are amphibious.
You can wear up to eight rings at the same time.
You can use your tentacles to constrict eight enemies at once.
Your skin changes colour to match your surroundings (Stealth+).
Your rubbery body absorbs attacks. (AC +1, EV +1)
One of your tentacles bears a spike.
You are partially covered in icy blue scales. (AC +2)
You are partially covered in iridescent scales. (AC +2)
You can translocate small distances at will.
You possess an exceptional clarity of mind.
Your mind is very acute. (Int +4)
Your flesh is very cold resistant. (rC++)
Your body sometimes deteriorates upon taking damage.
Your flesh is heat resistant. (rF+)
You have an increased reservoir of magic. (+10% MP)
Your system is resistant to poisons. (rPois)
You are very robust. (+20% HP)


Message History

You block the quasit's attack. x2; The quasit closely misses you. x2
The ufetubus completely misses you. The ufetubus closely misses you.
You bludgeon Roxanne!
You pierce Roxanne, but do no damage.
Your centaur warrior skeleton hits Roxanne but does no damage.
Roxanne mumbles some strange words.
The bolt of magma hits your centaur warrior skeleton!!!
Your centaur warrior skeleton is destroyed!
The white imp gestures at you. The puff of frost misses you.
The puff of frost hits the quasit.
The quasit resists.
You block the iron imp's attack. The ufetubus misses you.
You block the ufetubus's attack. The quasit completely misses you. x2
The quasit misses you. You block the quasit's attack.
The quasit completely misses you. x2
You tentacle-slap Roxanne.
You tentacle-slap Roxanne, but do no damage.
You squeeze Roxanne, but do no damage.
Roxanne mumbles some strange words.
The crystal spear hits you!!!
Ouch! That really hurt!
You die...

##............#.#.###....._##...#
....................'......'(....
.........##.#.#.#.###......##...#
.........##.#.#.#.###....(.##...#
.........##.#.#.......(.<####...#
.........##.#.#..................
.........##.#.#..................
...########+#.#.58..####..)......
...#...........5@55.####.###.)...
...#............555......###.....
...#...........##.........#....##
...#...........##.........#......
####....[......'..........#......
#...........##.........#......
####............+................
...............##.........#....##
..........................#....#


You could see Roxanne, 2 iron imps, 2 quasits, a white imp (summoned), a shadow
imp (summoned) and an ufetubus (summoned).

Vanquished Creatures
  An orc warlord (Bailey)
  2 entropy weavers (Lair:6)
  A dire elephant (D:15)
  The ghost of rtg the Blocker, a journeyman MiFi of Okawaru (D:11)
  Josephine (Lair:6)
  A great orb of eyes (D:15)
  2 rakshasas (D:14)
  7 vault guards
  5 catoblepae
  A centaur warrior (D:15)
  A death knight (D:13)
  10 hydras
  An anaconda (D:12)
  8 death yaks (Lair:6)
  A two-headed ogre (D:9)
  A queen ant (Lair:6)
  Urug (Lair:6)
  Nergalle (D:11)
  A sun demon (Volcano)
  A hell knight (Volcano)
  2 unseen horrors
  Pikel (D:8)
  2 black mambas (Lair:6)
  2 orc knights
  An orb spider (Lair:5)
  2 wolf spider zombies (D:15)
  18 ugly things
  A salamander (D:15)
  4 manticores
  3 cyclopes
  A faun (D:11)
  4 elephants (Lair:6)
  2 molten gargoyles (Volcano)
  4 gargoyles
  6 cane toads
  A torpor snail (Lair:6)
  A cane toad (shapeshifter) (D:13)
  An eye of devastation (D:10)
  Maggie (D:8)
  4 rime drakes
  A kobold demonologist (D:13)
  5 centaur skeletons
  2 yaktaurs
  7 komodo dragons
  A redback zombie (D:14)
  A tengu conjurer (D:14)
  A queen bee (D:10)
  6 trolls
  7 jumping spiders (Lair:4)
  4 bog bodies (Lair:3)
  A hornet (Lair:5)
  A slime creature (D:13)
  9 blink frogs
  7 dream sheep (Lair:5)
  8 hippogriffs
  The ghost of ANON1729 the Covered, an amateur GrFi (D:5)
  2 vampires
  A redback (Lair:4)
  4 wraiths
  42 yaks
  3 wyverns
  6 basilisks
  Grum (D:8)
  2 steam dragons
  2 wargs
  4 vampire mosquitoes
  An acid dragon (D:15)
  Edmund (D:4)
  27 soldier ants
  A swamp worm (Lair:3)
  A naga (Bailey)
  15 water moccasins
  A floating eye (D:12)
  12 porcupines
  3 hell hounds
  24 orc warriors
  3 ice beasts
  2 swamp drakes
  3 phantoms
  A sky beast (D:9)
  A necrophage (D:9)
  6 wolves
  2 eyes of draining
  2 lemures (D:8)
  6 ogres
  6 centaurs
  9 crocodiles
  4 big kobolds
  19 bullfrogs
  A wyvern zombie (D:14)
  A wyvern skeleton (D:14)
  8 scorpions
  8 killer bees
  7 electric eels
  18 wights
  4 howler monkeys
  4 lava snakes
  3 centaur zombies
  A quasit (D:13)
  2 bullfrog zombies
  3 hounds
  9 jellies
  4 orc priests
  4 bullfrog skeletons
  18 orc wizards
  4 iguanas
  31 worker ants
  A hound zombie (D:8)
  A hound skeleton (D:7)
  2 howler monkey zombies
  2 worker ant zombies
  Robin (D:2)
  10 gnolls
  13 adders
  A river rat (D:3)
  A shadow imp (D:6)
  2 white imps
  5 ufetubi
  6 oozes
  An adder zombie (D:8)
  An adder skeleton (D:7)
  6 worms
  5 leopard geckos
  66 orcs
  5 giant cockroaches
  36 goblins
  22 hobgoblins
  13 jackals
  28 kobolds
  3 ball pythons
  6 bats
  4 frilled lizards
  A leopard gecko skeleton (D:4)
  A quokka zombie (D:7)
  14 rats
775 creatures vanquished.

Vanquished Creatures (collateral kills)
  A slime creature (D:13)
  A catoblepas (D:10)
  An ugly thing (D:15)
  A black mamba (Lair:2)
  A blink frog (Lair:6)
  A merfolk (D:15)
  A wraith (Lair:6)
  A wyvern (Lair:2)
  4 yaks (Lair:2)
  A porcupine (Lair:2)
  A bullfrog (Lair:2)
  An orc (D:11)
15 creatures vanquished.

Vanquished Creatures (others)
  2 elephants (Lair:6)
  5 centaurs (D:11)
  A killer bee (D:11)
  4 wights (D:11)
  A centaur skeleton (D:11)
  A hound skeleton (D:11)
  An adder (D:11)
  A leopard gecko (D:11)
  2 orcs (D:11)
  35 fungi
  58 plants
111 creatures vanquished.

Grand Total: 901 creatures vanquished

Notes
Turn   | Place    | Note
-------+----------+-------------------------------------------
     0 | D:5      | kotkompot the Octopode Delver began the quest for the Orb.
     0 | D:5      | Reached XP level 1. HP: 16/16 MP: 1/1
    67 | D:4      | Found Puyblyunla's Armour Shop.
    86 | D:4      | Reached XP level 2. HP: 21/21 MP: 2/2
   593 | D:1      | Reached XP level 3. HP: 25/26 MP: 3/3
  1771 | D:2      | Reached XP level 4. HP: 24/32 MP: 4/4
  2026 | D:2      | Noticed Robin
  2060 | D:2      | Killed Robin
  2518 | D:2      | Reached XP level 5. HP: 34/37 MP: 5/5
  2622 | D:3      | Found a transporter.
  2839 | D:3      | Found a transporter.
  3794 | D:3      | Noticed a moth of wrath
  3797 | D:3      | Found a bloodstained altar of Trog.
  3809 | D:3      | Reached skill level 5 in Unarmed Combat
  4036 | D:4      | Noticed Edmund
  4151 | D:4      | Noticed an ogre
  4245 | D:4      | Reached XP level 6. HP: 41/44 MP: 6/6
  4675 | D:5      | Found a runed translucent gate.
  4675 | D:5      | Noticed ANON1729's ghost (amateur GrFi)
  4676 | D:5      | Found a runed translucent gate.
  4676 | D:5      | Found a runed translucent gate.
  4958 | D:5      | Reached XP level 7. HP: 31/49 MP: 7/7
  4959 | D:5      | Reached skill level 5 in Fighting
  5215 | D:5      | Found a staircase to the Ecumenical Temple.
  5282 | D:5      | Identified the +4 ring mail of Amorality {rElec rF- rCorr
                  | SInv}
  5835 | D:5      | You fall into a shaft and drop 1 floor!
  5937 | D:6      | Found Feocot's Magic Scroll Emporium.
  5941 | D:6      | Found Umpaxt's Book Emporium.
  5969 | D:6      | Found Lorripig's Antique Weapon Emporium.
  5985 | D:6      | Found Estruvo's Weapon Emporium.
  5987 | D:6      | Bought a scroll of blinking for 82 gold pieces
  5987 | D:6      | Bought a scroll of teleportation for 33 gold pieces
  5987 | D:6      | Bought a scroll of identify for 22 gold pieces
  6372 | Temple   | Entered the Ecumenical Temple
  6375 | Temple   | Became a worshipper of Xom of Chaos
  6431 | D:6      | XOM: potion effect (might)
  6592 | D:6      | Reached XP level 8. HP: 56/57 MP: 8/8
  6867 | D:6      | Reached skill level 1 in Evocations
  6898 | D:6      | Found a white marble altar of Elyvilon.
  6898 | D:6      | Found a runed translucent door.
  6898 | D:6      | Noticed an angel
  6901 | D:6      | XOM: divination: detect items
  6905 | D:6      | XOM: noise
  7255 | D:7      | XOM: noise
  7291 | D:7      | Got a jewelled war axe
  7309 | D:7      | XOM: cast spell 'Statue Form'
  7647 | D:7      | XOM: 1-stop teleportation journey
  7755 | D:7      | Reached XP level 9. HP: 56/63 MP: 9/9
  7764 | D:7      | XOM: blink monster(s)
  8175 | D:7      | XOM is BORED!
  8334 | D:7      | XOM: enchant monster (bad)
  8761 | D:3      | XOM: divination: magic mapping
  8829 | D:3      | Reached skill level 5 in Evocations
  8872 | D:3      | XOM: divination: detect items
  8975 | D:4      | XOM: divination: detect items
  9099 | D:4      | XOM: silly message
  9261 | D:4      | Killed Edmund
  9575 | D:8      | Found a stormy altar of Qazlal.
  9600 | D:8      | Noticed Grum
  9727 | D:8      | XOM: potion effect (invisibility)
  9736 | D:8      | Killed Grum
  9751 | D:8      | Noticed Pikel
  9762 | D:8      | XOM: summons 3 hostile demons
  9763 | D:8      | Noticed a sixfirhy
  9763 | D:8      | Noticed a soul eater
 10085 | D:8      | XOM: 2-stop teleportation journey
 10331 | D:8      | XOM: divination: detect items
 10341 | D:8      | XOM: chaos upgrade
 10531 | D:8      | Found a burning altar of Makhleb.
 10808 | D:8      | Noticed Maurice
 10845 | D:8      | Noticed Maurice
 10845 | D:8      | Maurice changed into Maurice the wolf
 10848 | D:8      | Killed Maurice the wolf
 10848 | D:8      | Reached XP level 10. HP: 71/71 MP: 10/10
 10958 | D:8      | Killed Pikel
 10958 | D:8      | Reached skill level 5 in Dodging
 11036 | D:8      | Reached skill level 10 in Unarmed Combat
 11264 | D:8      | XOM: give mutations
 11264 | D:8      | Gained mutation: You evolve. [Xom's mischief]
 11264 | D:8      | Gained mutation: You are robust. (+10% HP) [Xom's mischief]
 11275 | D:8      | XOM: 4-stop teleportation journey
 11449 | D:8      | Noticed Maggie
 11453 | D:8      | XOM: confuse monster(s)
 11462 | D:8      | Killed Maggie
 11489 | D:8      | Found a burning altar of Makhleb.
 11677 | D:9      | XOM: potion effect (brilliance)
 11766 | D:9      | XOM: 8-stop teleportation journey
 11945 | D:9      | XOM is BORED!
 11945 | D:9      | XOM: noise
 12135 | D:9      | XOM: scenery: summon butterflies
 12236 | D:9      | XOM: divination: detect items
 12243 | D:9      | XOM: cast spell 'Call Canine Familiar'
 12324 | D:9      | XOM: 1-stop teleportation journey
 12451 | D:9      | Lost mutation: You evolve. [evolution]
 12616 | D:9      | Noticed a two-headed ogre
 12625 | D:9      | XOM: butterfly on damage
 12628 | D:9      | Killed a two-headed ogre
 12853 | D:9      | XOM: divination: detect items
 13093 | D:10     | Entered Level 10 of the Dungeon
 13182 | D:10     | XOM: divination: detect items
 13183 | D:10     | XOM: smoke on damage
 13248 | D:10     | XOM is BORED!
 13248 | D:10     | XOM: silly message
 13268 | D:10     | Reached XP level 11. HP: 33/84 MP: 11/11
 13278 | D:10     | Found a flagged portal.
 13294 | Bailey   | Entered a bailey
 13559 | Bailey   | XOM: enchant monster (good)
 13799 | Bailey   | XOM: confusion (+ monsters)
 13800 | Bailey   | XOM: butterfly on damage
 13801 | Bailey   | XOM: confuse monster(s)
 13806 | Bailey   | XOM: silly message
 13809 | Bailey   | XOM: silly message
 14056 | Bailey   | XOM: silly message
 14344 | Bailey   | Noticed an orc warlord
 14346 | Bailey   | Noticed an orc knight
 14371 | Bailey   | XOM: divination: magic mapping
 14385 | Bailey   | Killed an orc warlord
 14390 | Bailey   | Killed an orc knight
 14400 | Bailey   | XOM: summons 6 hostile demons
 14710 | Bailey   | Identified 2 scrolls of acquirement
 14710 | Bailey   | Acquired a +1 buckler of fire resistance
 14711 | Bailey   | Acquired the +3 kite shield "Wibryepp" {rElec MR+}
 14824 | D:10     | Reached skill level 1 in Shields
 14856 | D:10     | XOM: enchant monster (good)
 14860 | D:10     | XOM: scenery: summon butterflies
 14864 | D:10     | XOM: 1-stop teleportation journey
 14886 | D:10     | XOM: noise
 14891 | D:10     | XOM: noise
 15010 | D:10     | XOM: noise
 15067 | D:10     | XOM is BORED!
 15067 | D:10     | XOM: confusion
 15098 | D:10     | XOM: potion effect (stabbing)
 15101 | D:10     | XOM: summons 4 friendly demons
 15339 | D:10     | XOM: potion effect (might)
 15342 | D:10     | XOM: silly message
 15523 | D:10     | XOM: confusion
 15529 | D:10     | XOM: noise
 15666 | D:10     | XOM: polymorph yak -> queen bee
 15768 | D:10     | XOM: summons 1 hostile shadow creature
 15798 | D:10     | XOM: chaos upgrade
 15835 | D:10     | Noticed a manticore
 15838 | D:10     | a manticore changed into an eye of devastation
 15838 | D:10     | XOM: polymorph manticore -> eye of devastation
 15866 | D:10     | Noticed a catoblepas
 16181 | D:10     | XOM: blink monster(s)
 16184 | D:10     | XOM: summons 6 friendly demons
 16188 | D:10     | Killed a catoblepas
 16188 | D:10     | Reached skill level 5 in Shields
 16188 | D:10     | Reached XP level 12. HP: 61/90 MP: 12/12
 16432 | D:10     | XOM: 2-stop teleportation journey
 16752 | D:10     | XOM: summons 4 hostile shadow creatures
 17023 | D:11     | Noticed a six-headed hydra
 17029 | D:11     | XOM: summons 4 hostile shadow creatures
 17031 | D:11     | XOM: divination: magic mapping
 17044 | D:11     | Noticed a two-headed ogre
 17076 | D:11     | Found a flickering gateway to a bazaar.
 17076 | D:11     | XOM: swap monsters
 17085 | Bazaar   | Entered a bazaar
 17105 | Bazaar   | Found Sius's Magic Scroll Shop.
 17118 | Bazaar   | Found Fets's Distillery.
 17145 | Bazaar   | Found Cuhop's Magic Scroll Shop.
 17145 | Bazaar   | Found Xaoch's Armour Boutique.
 17156 | Bazaar   | Bought a scroll of acquirement for 520 gold pieces
 17156 | Bazaar   | Acquired 400 gold pieces
 17168 | Bazaar   | Bought a scroll of blinking for 75 gold pieces
 17168 | Bazaar   | Bought a scroll of blinking for 75 gold pieces
 17187 | Bazaar   | Bought a potion of might for 32 gold pieces
 17187 | Bazaar   | Bought a potion of ambrosia for 64 gold pieces
 17187 | Bazaar   | Bought 2 potions of magic for 128 gold pieces
 17187 | Bazaar   | Bought a potion of mutation for 64 gold pieces
 17187 | Bazaar   | Bought a potion of heal wounds for 40 gold pieces
 17187 | Bazaar   | Bought a potion of cancellation for 64 gold pieces
 17187 | Bazaar   | Bought a potion of mutation for 64 gold pieces
 17187 | Bazaar   | Bought a potion of might for 32 gold pieces
 17237 | D:11     | XOM: enchant monster (bad)
 17245 | D:11     | Killed a six-headed hydra
 17302 | D:11     | a two-headed ogre changed into a faun
 17302 | D:11     | XOM: polymorph two-headed ogre -> faun
 17305 | D:11     | XOM: confusion (+ monsters)
 17620 | D:11     | Found Ryskier's Distillery.
 17620 | D:11     | Noticed a six-headed hydra
 17852 | D:11     | You fall into a shaft and drop 2 floors!
 17859 | D:13     | XOM: polymorph orc wizard -> worm
 17877 | D:13     | Found a gate to the Vaults.
 17877 | D:13     | Noticed a vault guard
 17877 | D:13     | Noticed a vault guard
 17877 | D:13     | Noticed a vault guard
 17877 | D:13     | Noticed a vault guard
 17877 | D:13     | Noticed a vault guard
 17908 | D:13     | XOM: swap monsters
 17920 | D:13     | XOM: cleaving
 17921 | D:13     | XOM: 1-stop teleportation journey
 17922 | D:13     | XOM: noise
 17932 | D:13     | XOM: 1-stop teleportation journey
 17945 | D:13     | XOM: confusion (+ monsters)
 18030 | D:13     | XOM: noise
 18039 | D:13     | XOM: confuse monster(s)
 18374 | D:12     | XOM: confuse monster(s)
 18451 | D:12     | XOM: confusion (+ monsters)
 18591 | D:12     | XOM: noise
 18594 | D:12     | XOM: confuse monster(s)
 18630 | D:12     | XOM: summons friendly quasit
 18632 | D:12     | XOM: summons 1 hostile shadow creature
 18633 | D:12     | Noticed a death knight
 18634 | D:12     | XOM: silly message
 18903 | D:12     | Noticed Snorg
 18958 | D:11     | Found a staircase to the Lair.
 19131 | D:11     | Found a staircase to the Orcish Mines.
 19144 | D:11     | Found a roughly hewn altar of Beogh.
 19185 | D:11     | XOM: confuse monster(s)
 19191 | D:11     | XOM: silly message
 19204 | D:11     | XOM: enchant monster (bad)
 19518 | D:11     | Found a runed translucent gate.
 19519 | D:11     | Found a runed translucent gate.
 19519 | D:11     | Found a runed translucent gate.
 19521 | D:11     | Found an opulent altar of Gozag.
 19524 | D:11     | Noticed rtg's ghost (journeyman MiFi)
 19530 | D:11     | XOM: scenery: 3 doors open
 19635 | D:11     | XOM: 3-stop teleportation journey
 19638 | D:11     | Found Miasti Biroe's General Store.
 19644 | D:11     | Bought a potion of berserk rage for 60 gold pieces
 19649 | Lair:1   | Entered Level 1 of the Lair of Beasts
 19709 | Lair:1   | XOM: scenery: create altars
 19857 | Lair:1   | XOM: scenery: summon butterflies
 19937 | Lair:1   | Learned a level 1 spell: Apportation
 19940 | Lair:1   | Learned a level 2 spell: Passwall
 19971 | Lair:1   | XOM: fog
 19983 | Lair:1   | Reached skill level 1 in Translocations
 20120 | Lair:1   | Reached skill level 1 in Spellcasting
 20127 | Lair:1   | XOM: 4-stop teleportation journey
 20128 | Lair:1   | You fall into a shaft and drop 1 floor!
 20348 | Lair:2   | XOM: scenery: summon butterflies
 20638 | Lair:2   | Noticed a six-headed hydra
 20665 | Lair:2   | XOM: cleaving
 20666 | Lair:2   | XOM: summons friendly chaos spawn
 20797 | Lair:2   | Killed a six-headed hydra
 20797 | Lair:2   | Reached skill level 10 in Dodging
 20797 | Lair:2   | Reached XP level 13. HP: 70/96 MP: 15/15
 20857 | Lair:2   | XOM: divination: detect creatures
 21026 | Lair:2   | Got a polished mace
 21109 | Lair:2   | XOM: god gift: 7 silver javelins
 21290 | Lair:2   | XOM: god gift: bloodstained hat {god gift}
 21291 | Lair:2   | Got a bloodstained hat {god gift}
 21547 | Lair:1   | XOM: give mutations
 21547 | Lair:1   | Gained mutation: Your flesh is heat resistant. (rF+) [Xom's
                  | grace]
 21547 | Lair:1   | Gained mutation: Your flesh is cold resistant. (rC+) [Xom's
                  | grace]
 21547 | Lair:1   | Gained mutation: You expend magic power (3 MP) to
                  | strengthen your wands. [Xom's grace]
 21554 | Lair:1   | XOM: god gift: 17 bolts
 21661 | Lair:1   | XOM: noise
 21967 | Lair:1   | Identified the +3 hat of the Bull {SInv} (Xom gifted it to
                  | you on level 2 of the Lair of Beasts)
 22017 | Lair:3   | XOM: confuse monster(s)
 22030 | Lair:3   | XOM: noise
 22041 | Lair:3   | Reached skill level 10 in Shields
 22708 | Lair:3   | Found a staircase to the Swamp.
 22767 | Lair:3   | XOM: cloud trail
 23302 | Lair:3   | XOM: scenery: 1 doors open
 23411 | Lair:3   | XOM: god gift: 24 arrows
 23750 | Lair:4   | XOM: confuse monster(s)
 24195 | Lair:4   | XOM: cloud trail
 24214 | Lair:4   | XOM: god gift: wand of enslavement (10)
 24526 | Lair:4   | XOM: give mutations
 24526 | Lair:4   | Lost mutation: You expend magic power (3 MP) to strengthen
                  | your wands. [Xom's mischief]
 24526 | Lair:4   | Gained mutation: Your muscles are strong. (Str +2) [Xom's
                  | mischief]
 24526 | Lair:4   | Gained mutation: One of your tentacles bears a spike.
                  | [Xom's mischief]
 24544 | Lair:4   | XOM: confuse monster(s)
 24553 | Lair:4   | XOM: fog
 24604 | Lair:4   | Found a hole to the Spider Nest.
 24716 | Lair:4   | XOM: fake destruction
 24931 | Lair:4   | XOM: god gift: 25 stones
 24970 | Lair:4   | Learned a level 5 spell: Blade Hands
 25082 | Lair:5   | XOM: polymorph yak -> orb spider
 25085 | Lair:5   | XOM: polymorph yak -> hornet
 25086 | Lair:5   | XOM: cast spell 'Cause Fear'
 25091 | Lair:5   | XOM: fog
 25092 | Lair:5   | Reached skill level 1 in Transmutations
 25092 | Lair:5   | Reached skill level 1 in Earth Magic
 25273 | Lair:5   | XOM: potion effect (brilliance)
 25289 | Lair:5   | XOM: 3-stop teleportation journey
 25654 | Lair:5   | Reached XP level 14. HP: 99/104 MP: 21/21
 25681 | Lair:5   | XOM: noise
 25689 | Lair:5   | XOM: confusion
 25738 | Lair:5   | XOM: 3-stop teleportation journey
 25823 | Lair:5   | Got an ancient platinum ring
 25977 | Lair:5   | Identified the ring "Zaqumaun" {rC- MP+9 Int+4 Dex+6} (You
                  | found it on level 5 of the Lair of Beasts)
 25989 | Lair:6   | Entered Level 6 of the Lair of Beasts
 25989 | Lair:6   | Found a staircase to the Slime Pits.
 25989 | Lair:6   | Found a viscous altar of Jiyva.
 25989 | Lair:6   | Noticed Urug
 25999 | Lair:6   | XOM: confusion
 26004 | Lair:6   | Killed Urug
 26004 | Lair:6   | Reached skill level 5 in Spellcasting
 26041 | Lair:6   | Found a dark tunnel.
 26056 | Volcano  | Entered a volcano
 26167 | Volcano  | Found a bloodstained altar of Trog.
 26172 | Volcano  | XOM: blink monster(s)
 26454 | Volcano  | XOM: give mutation
 26454 | Volcano  | Gained mutation: Your body sometimes deteriorates upon
                  | taking damage. [Xom's mischief]
 26555 | Volcano  | XOM: 8-stop teleportation journey
 26580 | Volcano  | XOM: summons 7 hostile demons
 26802 | Lair:6   | XOM: confusion (+ monsters)
 26917 | Lair:6   | Noticed Josephine
 26937 | Lair:6   | XOM: butterfly on damage
 26952 | Lair:6   | XOM: summons 4 hostile shadow creatures
 26954 | Lair:6   | Killed Josephine
 27055 | Lair:6   | XOM: 2-stop teleportation journey
 27059 | Lair:6   | XOM: cleaving
 27080 | Lair:6   | XOM: confuse monster(s)
 27104 | Lair:6   | XOM: divination: detect items
 27356 | Lair:6   | XOM: give mutation
 27356 | Lair:6   | Gained mutation: You can translocate small distances at
                  | will. [Xom's grace]
 27590 | Lair:6   | XOM: confuse monster(s)
 27601 | Lair:6   | XOM: snakes to sticks
 27620 | Lair:6   | XOM: confuse monster(s)
 27824 | Lair:6   | XOM: divination: magic mapping
 27860 | Lair:6   | XOM: confusion (+ monsters)
 27866 | Lair:6   | XOM: silly message
 27890 | Lair:6   | XOM: cast spell 'Chain of Chaos'
 27895 | Lair:6   | XOM: enchant monster (good)
 27903 | Lair:6   | Reached skill level 5 in Transmutations
 27918 | Lair:6   | Reached skill level 5 in Earth Magic
 28024 | Lair:6   | Noticed an entropy weaver
 28048 | Lair:6   | XOM: confusion
 28383 | Lair:6   | Identified the ring of the Locust {+Inv rN++ MR+}
 28383 | Lair:6   | Noticed an entropy weaver
 28383 | Lair:6   | XOM: enchant monster (bad)
 28387 | Lair:6   | XOM: confuse monster(s)
 28399 | Lair:6   | Killed an entropy weaver
 28710 | Lair:6   | Got a warped dagger
 29248 | Lair:6   | XOM: confuse monster(s)
 29253 | Lair:6   | Reached XP level 15. HP: 94/112 MP: 24/24
 29262 | Lair:6   | XOM: confuse monster(s)
 29293 | Lair:6   | XOM: god gift: wand of disintegration (12)
 29384 | Lair:6   | XOM: give mutations
 29384 | Lair:6   | Gained mutation: You possess an exceptional clarity of
                  | mind. [Xom's grace]
 29384 | Lair:6   | Gained mutation: You are agile. (Dex +2) [Xom's grace]
 29384 | Lair:6   | Gained mutation: Your flesh is very cold resistant. (rC++)
                  | [Xom's grace]
 29384 | Lair:6   | Gained mutation: You are partially covered in icy blue
                  | scales. (AC +2) [Xom's grace]
 29393 | Lair:6   | XOM: enchant monster (good)
 29417 | Lair:6   | Identified the Catalogue of Venomous Transformation
 29446 | Lair:6   | XOM: cloud trail
 29454 | Lair:6   | XOM: god gift: twisted peridot amulet {god gift}
 29579 | Lair:6   | XOM: scenery: create altars
 29641 | Lair:6   | XOM: give mutations
 29641 | Lair:6   | Gained mutation: You are very robust. (+20% HP) [Xom's
                  | grace]
 29641 | Lair:6   | Gained mutation: Your mind is acute. (Int +2) [Xom's grace]
 30093 | Lair:1   | Got a fine granite ring
 30241 | D:5      | Killed ANON1729's ghost
 30303 | D:9      | XOM: noise
 30375 | D:11     | Identified the ring of Rekkajok {Wiz rF+ MR+ Int+2 Stlth+}
                  | (You found it on level 1 of the Lair of Beasts)
 30461 | D:11     | Killed rtg's ghost
 30656 | D:11     | XOM: summons 7 hostile demons
 30870 | D:11     | XOM: summons 6 hostile demons
 30929 | D:11     | Noticed Nergalle
 30938 | D:11     | Killed Nergalle
 31120 | D:11     | Learned a level 7 spell: Dragon Form
 31126 | D:11     | Learned a level 5 spell: Lee's Rapid Deconstruction
 31137 | D:11     | XOM: torment (75/123 hp)
 31205 | D:12     | XOM: stat loss: -1 Dex (28/29)
 31349 | D:12     | XOM: 1-stop teleportation journey
 31487 | D:12     | XOM: 1-stop teleportation journey
 31664 | D:12     | XOM: polymorph slime creature -> anaconda
 32082 | D:12     | Noticed Nessos
 32084 | D:12     | Noticed Nessos
 32084 | D:12     | Nessos changed into Nessos the floating eye
 32085 | D:12     | Killed Nessos the floating eye
 32188 | D:13     | XOM: polymorph vault guard -> catoblepas
 32189 | D:13     | XOM: fog
 32191 | D:13     | XOM: noise
 32205 | D:13     | XOM: cast spell 'Disjunction'
 32206 | D:13     | XOM: potion effect (curing)
 32636 | D:13     | XOM: confuse monster(s)
 32641 | D:13     | XOM: potion effect (invisibility)
 32642 | D:13     | XOM: potion effect (stabbing)
 32656 | D:13     | XOM: confuse monster(s)
 32662 | D:13     | XOM: enchant monster (good)
 32744 | D:13     | XOM: cloud trail
 32809 | D:13     | Reached skill level 10 in Fighting
 32945 | D:13     | XOM: give mutations
 32945 | D:13     | Lost mutation: You are agile. (Dex +2) [Xom's mischief]
 32945 | D:13     | Lost mutation: One of your tentacles bears a spike. [Xom's
                  | mischief]
 32945 | D:13     | Lost mutation: You are very robust. (+20% HP) [Xom's
                  | mischief]
 32977 | D:13     | XOM: silly message
 33164 | D:13     | XOM: give mutation
 33164 | D:13     | Lost mutation: Your muscles are strong. (Str +2) [Xom's
                  | mischief]
 33210 | D:13     | XOM: stat loss: -1 Dex (26/27)
 33518 | D:14     | XOM: summons 6 hostile demons
 33629 | D:14     | XOM: enchant monster (bad)
 33639 | D:14     | XOM: silly message
 33659 | D:14     | XOM: potion effect (heal wounds)
 33662 | D:14     | XOM: divination: magic mapping
 33979 | D:14     | XOM: divination: detect creatures
 33996 | D:14     | XOM: divination: magic mapping
 34010 | D:14     | XOM: noise
 34016 | D:14     | XOM: potion effect (stabbing)
 34234 | D:14     | XOM: divination: magic mapping
 34695 | D:14     | Acquired the ring of Salvation {rPois rF+ rN++ MP+9 SInv}
 34700 | D:15     | Entered Level 15 of the Dungeon
 34715 | D:15     | XOM: silly message
 34804 | D:14     | XOM: divination: magic mapping
 34869 | D:14     | XOM: give mutations
 34869 | D:14     | Gained mutation: One of your tentacles bears a spike.
                  | [Xom's grace]
 34869 | D:14     | Gained mutation: You are partially covered in iridescent
                  | scales. (AC +2) [Xom's grace]
 34869 | D:14     | Gained mutation: You are very robust. (+20% HP) [Xom's
                  | grace]
 34961 | D:15     | Identified Roxanne's Guide on Earth
 34961 | D:15     | Noticed Roxanne
 34971 | D:15     | XOM: scenery: create altars
 35011 | D:15     | Reached XP level 16. HP: 63/132 MP: 27/27
 35029 | D:15     | XOM: polymorph cyan ugly thing -> white ugly thing
 35190 | D:15     | XOM: 7-stop teleportation journey
 35304 | D:15     | XOM: scenery: create altars
 35447 | D:15     | XOM: summons 4 hostile demons
 36048 | D:15     | Found a staircase to the Depths.
 36216 | D:15     | XOM: give mutations
 36216 | D:15     | Gained mutation: You have an increased reservoir of magic.
                  | (+10% MP) [Xom's grace]
 36216 | D:15     | Gained mutation: Your mind is very acute. (Int +4) [Xom's
                  | grace]
 36216 | D:15     | Gained mutation: Your system is resistant to poisons.
                  | (rPois) [Xom's grace]
 36454 | D:15     | XOM: summons 8 hostile demons
 36467 | D:15     | Killed from afar by Roxanne

Illustrated notes

Levels and vault maps discovered:
D:1:      scummos_arrival_simple_fountains, layout_loops_corners,
          minmay_crystal_water, chequers_jeans
D:2:      layout_rooms, uniq_robin
D:3:      gammafunk_steamed_eel, layout_basic, tgw_trog
D:4:      layout_loops_cross, serial_shops, nicolae_shop_window_shopping,
          uniq_edmund
D:5:      layout_layer_cave, temple_green, gammafunk_ghost_split,
          hangedman_decor_push
D:6:      layout_basic, hangedman_decor_slide_cut, minmay_shop_grid_forest,
          kennysheep_crisscross, lemuel_angel_altar
D:7:      layout_basic, minmay_joined_circles
D:8:      minmay_cornered_nines, layout_basic, marbit_many_paths, basic_altar,
          bloody_makhleb, uniq_pikel, uniq_maggie, uniq_grum, uniq_maurice
D:9:      layout_grid_maze
D:10:     nzn_motion_control, layout_stronghold, enter_bailey_3, minivault_4,
          chequers_big_river
D:11:     layout_loops_ring, lair_entry_dummy, orc_0_dummy, ebering_ghost_gozag,
          special_room [special_room_orc], serial_shops, bzr_firewalk, shop,
          shop, kennysheep_generic_room_12, uniq_nergalle
D:12:     layout_long_grid, hangedman_little_slice_of_home, uniq_snorg,
          uniq_nessos
D:13:     layout_roguey, erik_vaults_2
D:14:     layout_long_grid, minmay_fractal_squares_diagonal_5
D:15:     hangedman_depths_entry_try_elsewhere_first, layout_basic, hex_medium,
          uniq_roxanne
Temple:   dpeg_three_leaves_temple
Lair:1:   layout_gridlike, serial_bayou_shore_b, minmay_lair_oklob_chamber,
          grunt_megastairs_3
Lair:2:   layout_chaotic_city, grunt_megastairs_1
Lair:3:   layout_regular_city, nicolae_swamp_entry_splash_gauntlet
Lair:4:   layout_long_grid, nicolae_spider_entry_tight_spaces,
          serial_bayou_shore_a
Lair:5:   layout_misc_corridors
Lair:6:   evilmike_catoblepas_cave, layout_gridlike, slime_altar_1,
          enter_volcano_3, chequers_serial_rivers_small_b, minivault_29,
          uniq_urug, uniq_josephine

Skill      XL: |  1  2  3  4  5  6  7  8  9 10 11 12 13 14 15 |
---------------+----------------------------------------------+-----
Unarmed Combat | 3 4 5 6 7 8 9 10 12 | 12.0
Fighting       | 4 5 6 7 8 9 10 | 10.5
Evocations     | 4 6 8 |  8.7
Dodging        | 3 4 6 8 10 11 | 11.0
Shields        | 5 9 11 12 | 12.0
Translocations | 3 |  3.0
Spellcasting   | 1 4 6 7 |  7.8
Transmutations | 2 6 9 |  9.7
Earth Magic    | 2 6 9 |  9.7
Stealth        | |  6.6

Action                   |  1- 3 |  4- 6 |  7- 9 | 10-12 | 13-15 | 16-18 || total
-------------------------+-------+-------+-------+-------+-------+-------++-------
Melee: Unarmed           |    73 |   163 |   296 |   876 |  1443 |   120 ||  2971
       Constrict         |    17 |    48 |    51 |   147 |   200 |     9 ||   472
       Tentacles         |    14 |    29 |    63 |   186 |   524 |    45 ||   861
       Punch             |     1 |     5 |    13 |    97 |   234 |    23 ||   373
       Kick              |       |       |       |       |   586 |    85 ||   671
Throw: Dart              |       |       |       |     2 |       |       ||     2
 Cast: Blade Hands       |       |       |       |       |     5 |       ||     5
       Apportation       |       |       |       |       |     1 |       ||     1
Evoke: Wand              |       |       |    22 |    28 |    55 |     2 ||   107
  Use: Potion            |       |     2 |     1 |     7 |    10 |       ||    20
       Scroll            |       |       |    13 |    14 |    14 |     1 ||    42
 Stab: Sleeping          |    13 |    15 |    12 |    41 |    37 |       ||   118
       Distracted        |       |     2 |     2 |     5 |     7 |     1 ||    17
       Invisible         |       |       |     6 |     3 |     5 |       ||    14
       Paralysed         |       |       |       |    11 |       |       ||    11
       Confused          |       |       |       |    12 |     7 |       ||    19
       Fleeing           |       |       |       |       |     1 |       ||     1
Armor: Skin              |     6 |     8 |     8 |    25 |    33 |    14 ||    94
Dodge: Dodged            |    34 |    91 |   200 |   326 |   629 |   132 ||  1412
Block: Other             |       |       |    49 |    49 |     7 |       ||   105
       Reflection        |       |       |     2 |    26 |    34 |     1 ||    63
       Kite shield       |       |       |       |   413 |  1148 |   152 ||  1713

Table legend: (Time is in decaauts)
 A = Elapsed time spent in this place.
 B = Non-inter-level travel time spent in this place.
 C = Inter-level travel time spent in this place.
 D = Time resting spent in this place.
 E = Time spent auto-exploring this place.
 F = Levels seen in this place.
 G = Mean time per level.
                   A        B        C        D        E       F      G
               +--------+--------+--------+--------+--------+-----+--------+
         Total |  35994 |  34782 |   1212 |   8585 |  19267 |  25 | 1439.8 |
       Dungeon |  24093 |  23149 |    944 |   5335 |  13395 |  15 | 1606.2 |
        Temple |      6 |      4 |      2 |      0 |      0 |   1 |    6.0 |
          Lair |   9650 |   9385 |    265 |   1809 |   5725 |   6 | 1608.3 |
        Bazaar |    108 |    108 |      0 |      0 |     74 |   1 |  108.0 |
        Bailey |   1469 |   1469 |      0 |   1006 |     73 |   1 | 1469.0 |
       Volcano |    664 |    664 |      0 |    435 |      0 |   1 |  664.0 |
               +--------+--------+--------+--------+--------+-----+--------+

Top non-repeatable levels by time:
  Lair:6: 3264 daAuts
    D:10: 2579 daAuts
    D:12: 2195 daAuts
    D:11: 2065 daAuts
     D:3: 1947 daAuts
     D:5: 1793 daAuts
     D:7: 1779 daAuts
     D:8: 1771 daAuts
     D:9: 1591 daAuts
    D:15: 1581 daAuts
  Lair:3: 1499 daAuts
  Bailey: 1469 daAuts
    D:14: 1445 daAuts
  Lair:2: 1426 daAuts
  Lair:4: 1303 daAuts
